 Dungeon Crawl Stone Soup version 0.31.0-32-g396128a36d (webtiles) character file.

Game seed: 4375225451370821163

4485 Peloso the Carver (level 10, -1/87 (88) HPs)
             Began as a Minotaur Fighter on Apr 8, 2024.
             Was a Believer of Okawaru.
             Slain by a red devil
             ... wielding a +0 spear
              (4 damage)
             ... on level 8 of the Dungeon.
             The game lasted 00:18:24 (7283 turns).

Peloso the Carver (Minotaur Fighter)                Turns: 7283, Time: 00:18:24

HP:   -1/87 (88)    AC: 18    Str: 21    XL:     10   Next: 16%
MP:   7/9           EV: 10    Int:  5    God:    Okawaru [**....]
Gold: 447           SH:  7    Dex: 14    Spells: 9/9 levels left

rFire   . . .        a - +5 scimitar
rCold   + . .        d - +0 buckler
rNeg    . . .        A - +0 plate armour
rPois   .            (helmet restricted)
rElec   .            (no cloak)
rCorr   .            m - +0 pair of gloves
SInv    .            (no boots)
Will    +....        (no amulet) Stlth
                     o - ring of willpower
HPRegen 0.34/turn    g - ring of protection from cold
MPRegen 0.11/turn

%: no passive effects
@: heroic, spiked, lightly drained
A: horns 2, retaliatory headbutt
a: Renounce Religion, Heroism


You were on level 8 of the Dungeon.
You worshipped Okawaru.
Okawaru was pleased with you.
You visited 2 branches of the dungeon, and saw 9 of its levels.
You also visited: Ossuary.

You collected 447 gold pieces.

Inventory:

Hand Weapons
 a - a +5 scimitar (weapon)
 b - a +0 long sword of electrocution
Armour
 c - a +0 chain mail
 d - a +0 buckler (worn)
 m - a +0 pair of gloves (worn)
 A - a +0 plate armour (worn)
Jewellery
 g - a ring of protection from cold (right hand)
 l - an amulet of faith
 o - a ring of willpower (left hand)
 w - a ring of protection from cold
 J - a +6 ring of dexterity
Talismans
 D - a flux talisman
 G - a storm talisman
Wands
 t - a wand of mindburst (13)
 u - a wand of flame (36)
 y - a wand of roots (11)
Scrolls
 e - 5 scrolls of poison
 h - 4 scrolls of amnesia
 i - a scroll of acquirement {unknown}
 j - 3 scrolls of immolation
 k - a scroll of noise {unknown}
 v - a scroll of revelation {unknown}
 x - 2 scrolls of enchant weapon {unknown}
 z - a scroll of blinking
 B - a scroll of brand weapon
 H - a scroll of identify
Potions
 f - a potion of might
 n - a potion of brilliance
 q - a potion of attraction
 r - 2 potions of magic
 C - a potion of curing {unknown}
 E - a potion of berserk rage {unknown}
 F - a potion of mutation {unknown}
 I - a potion of enlightenment {unknown}


   Skills:
 + Level 8.1(13.1) Fighting
 + Level 12.1(17.1) Long Blades
 + Level 9.2(14.2) Armour
 + Level 3.1(8.1) Dodging
 + Level 1.1(6.1) Stealth
 + Level 6.7(11.7) Shields


You had 9 spell levels left.
You didn't know any spells.
Your spell library contained the following spells:

 Spells                   Type           Power      Damage    Failure   Level
 Slow                     Hex            0%         N/A       100%        1
 Cigotuvi's Dreadful Rot  Necr/Alch/Air  0%         N/A       100%        2
 Ensorcelled Hibernation  Hex/Ice        0%         N/A       100%        2
 Sublimation of Blood     Necr           0%         N/A       100%        2
 Confusing Touch          Hex            0%         N/A       100%        3
 Fugue of the Fallen      Necr           0%         N/A       100%        3
 Passwall                 Erth           0%         N/A       100%        3
 Sigil of Binding         Hex            0%         N/A       100%        3
 Swiftness                Air            0%         N/A       100%        3
 Vampiric Draining        Necr           0%         2d6       100%        3
 Anguish                  Hex/Necr       0%         N/A       100%        4
 Cause Fear               Hex            0%         N/A       100%        4
 Dispel Undead            Necr           0%         3d6       100%        4
 Petrify                  Alch/Erth      0%         N/A       100%        4
 Irradiate                Conj/Alch      0%         3d11      100%        5
 Enfeeble                 Hex            0%         N/A       100%        7
 Martyr's Knell           Necr/Summ      Unusable   N/A       N/A         4
 Death Channel            Necr           Unusable   N/A       N/A         6

Dungeon Overview and Level Annotations

Branches:
Dungeon (8/15)             Temple (1/1) D:6         Ossuary (visited)
   Lair: D:8-11

Altars:
Ashenzari
Cheibriados
Dithmenos
Elyvilon
Fedhas
Gozag
Hepliaklqana
Kikubaaqudgha
Makhleb
Nemelex Xobeh
Okawaru
Qazlal
Ru
Sif Muna
Trog
Uskayaw
Vehumet
Xom
Yredelemnul
Zin
The Shining One

Annotations:
D:8 Erica


Innate Abilities, Weirdness & Mutations

You have a pair of horns on your head.
You reflexively headbutt those who attack you in melee.


Message History

You slash the orc warrior! You headbutt the orc warrior!
The orc warrior is heavily wounded.
The orc warrior hits you but does no damage.
You hit the orc warrior but do no damage.
You headbutt the orc warrior, but do no damage.
The orc warrior is heavily wounded.
You block the orc warrior's attack.
You closely miss the orc warrior.
The orc warrior is heavily wounded.
The orc warrior hits you with a +0 trident.
You slash the orc warrior!
The orc warrior is severely wounded.
The orc warrior hits you with a +0 trident.
You slash the orc warrior!
You kill the orc warrior!
Okawaru accepts your kill.
The red devil hits you from afar with a +0 trident!
Barbed spikes become lodged in your body.
A red devil comes into view. It is wielding a +0 spear.
Things that are here:
a +0 trident; a +0 ring mail
Okay, then.
You gain the combat prowess of a mighty hero.
The red devil hits you but does no damage.
The barbed spikes dig painfully into your body as you move.
The red devil closely misses you.
You slash the red devil! You headbutt the red devil.
The red devil is heavily wounded.
The barbed spikes dig painfully into your body as you move.
* * * LOW HITPOINT WARNING * * *
The red devil hits you with a +0 trident!
* * * LOW HITPOINT WARNING * * *
Barbed spikes become lodged in your body.
The red devil barely misses you.
The barbed spikes dig painfully into your body as you move.
* * * LOW HITPOINT WARNING * * *
The red devil throws a boomerang.
The boomerang hits you!
* * * LOW HITPOINT WARNING * * *
The red devil hits you with a +0 spear.
You die...

##...............###.#
##.##.........####.##..
##..###.....##..........
##...........###....)..(.
#......#.....####.....##.
##....)#......##......#
###...##.....##....###
#...4....(.....#...
#^....#@.......###.
#.....[§.§4.....## ##
#.§§.#.#§≈§....####.##?
#.≈..#.#§.§............
....##.##...........##.
..###...###..."...#....
..$.44...#...##..#.
...###.###......###..
##...#.....[..#.#..


You could see 2 red devils.

Vanquished Creatures
  Psyche (D:8)
  Grinder (D:6)
  A steam dragon (D:7)
  4 water moccasins
  2 orc warriors (D:8)
  3 ice beasts
  2 sky beasts
  A black bear (D:4)
  3 ogres
  2 centaurs (D:8)
  3 phantoms (D:6)
  4 scorpions
  2 burial acolytes (Ossuary)
  12 wights
  6 killer bees (D:8)
  A howler monkey (D:6)
  A jelly (D:6)
  A bombardier beetle (D:6)
  4 hounds
  A centaur skeleton (Ossuary)
  4 orc priests
  A sleepcap (D:6)
  4 iguanas
  8 orc wizards
  3 gnolls (D:4)
  9 adders
  A white imp (D:5)
  2 ufetubi (D:5)
  4 dart slugs
  4 ribbon worms
  24 orcs
  3 bats
  10 endoplasms
  3 giant cockroaches
  8 goblins
  4 hobgoblins
  9 jackals
  A quokka (D:1)
  7 ball pythons
  2 ball python skeletons (Ossuary)
  3 frilled lizards
  A hobgoblin skeleton (Ossuary)
  5 kobolds
  2 kobold skeletons (Ossuary)
  6 rats
183 creatures vanquished.

Vanquished Creatures (others)
  An orc (D:3)
1 creature vanquished.

Grand Total: 184 creatures vanquished

Notes
Turn   | Place    | Note
-------+----------+-------------------------------------------
     0 | D:1      | Peloso the Minotaur Fighter began the quest for the Orb.
     0 | D:1      | Reached XP level 1. HP: 19/19 MP: 0/0
   141 | D:1      | Reached XP level 2. HP: 27/27 MP: 1/1
   410 | D:1      | Reached skill level 3 in Long Blades
   744 | D:2      | Reached XP level 3. HP: 33/33 MP: 2/2
   785 | D:2      | Found a faded altar of an unknown god.
  1711 | D:2      | Reached skill level 4 in Long Blades
  1711 | D:2      | Reached XP level 4. HP: 9/40 MP: 3/3
  1714 | D:2      | Reached skill level 1 in Dodging
  1735 | D:2      | Reached XP level 5. HP: 10/46 MP: 4/4
  2980 | D:4      | Found a shimmering altar of Xom.
  2987 | D:4      | Reached skill level 5 in Long Blades
  2987 | D:4      | Reached skill level 5 in Armour
  2998 | D:4      | Found a shimmering altar of Xom.
  2999 | D:4      | Found a shimmering altar of Xom.
  2999 | D:4      | Found a shimmering altar of Xom.
  3005 | D:4      | Noticed an ogre
  3011 | D:4      | Killed an ogre
  3012 | D:4      | Reached XP level 6. HP: 34/53 MP: 5/5
  3113 | D:4      | Found a shimmering altar of Xom.
  3132 | D:4      | Found a sand-covered staircase.
  3137 | Ossuary  | Entered an ossuary
  3177 | Ossuary  | Reached XP level 7. HP: 52/58 MP: 6/6
  3185 | Ossuary  | Reached skill level 5 in Fighting
  3185 | Ossuary  | Reached skill level 6 in Long Blades
  3307 | Ossuary  | Reached skill level 5 in Shields
  3397 | Ossuary  | Reached skill level 7 in Long Blades
  3726 | D:4      | Found a shimmering altar of Xom.
  4263 | D:4      | Reached XP level 8. HP: 52/69 MP: 7/7
  4430 | D:5      | Entered Level 5 of the Dungeon
  4627 | D:5      | Reached skill level 8 in Long Blades
  4696 | D:5      | Found an ancient bone altar of Kikubaaqudgha.
  5204 | D:5      | Reached skill level 9 in Long Blades
  5330 | D:6      | Found a broken altar of Ashenzari.
  5357 | D:6      | Found a staircase to the Ecumenical Temple.
  5403 | D:6      | Reached XP level 9. HP: 32/78 MP: 8/8
  5439 | Temple   | Entered the Ecumenical Temple
  5446 | Temple   | Became a worshipper of Warmaster Okawaru
  5647 | D:6      | Reached skill level 10 in Long Blades
  5665 | D:6      | Noticed Grinder
  5678 | D:6      | Killed Grinder
  6269 | D:7      | Reached * piety under Okawaru
  6270 | D:7      | Reached skill level 11 in Long Blades
  6472 | D:7      | Found a glowing golden altar of the Shining One.
  6996 | D:8      | Noticed Psyche
  7013 | D:8      | Killed Psyche
  7090 | D:8      | Noticed Erica
  7092 | D:8      | Reached ** piety under Okawaru
  7108 | D:8      | Noticed a red devil
  7109 | D:8      | Noticed a red devil
  7112 | D:8      | HP: 2/80 [centaur/arrow (6)]
  7130 | D:8      | Reached skill level 12 in Long Blades
  7130 | D:8      | Reached XP level 10. HP: 47/88 MP: 9/9
  7186 | D:8      | Reached skill level 1 in Stealth
  7283 | D:8      | HP: 3/87 [red devil/boomerang (8)]
  7283 | D:8      | Slain by a red devil

Illustrated notes

Levels and vault maps discovered:
D:1:      saegor_arrival_simple_e, layout_basic, st_stairs_2
D:2:      layout_loops_ring, hellmonk_ecumenical_altar_zigzags
D:3:      cheibrodos_pilgrimage, layout_basic, serial_corexii_hall,
          chequers_hall_statues_corner_a, corexii_hall_statues_u
D:4:      layout_gridville, xom_redecorated, nicolae_ossuary_entry_plus,
          minmay_diced_spiral
D:5:      layout_basic, mainiacjoe_overflow_six_doors_small
D:6:      layout_basic, nicolae_overflow_crystal_walls,
          minmay_temple_entry_tees, grunt_tough_drop, uniq_grinder
D:7:      layout_cave_pools, lemuel_doored_altar
D:8:      layout_cave_pools, nicolae_concentric_dashed_squares_mild,
          einodemon_armed_red_devil_minivault, uniq_erica, uniq_psyche
Temple:   sentei_temple_godly_chess

Skill      XL: |  1  2  3  4  5  6  7  8  9 10 |
---------------+-------------------------------+-----
Shields        | 4 5 6 |  6.7
Armour         | 4 5 6 7 9 |  9.2
Long Blades    | 3 4 5 7 9 12 | 12.1
Fighting       | 4 5 6 7 8 |  8.1
Dodging        | 1 2 3 |  3.1
Stealth        | 1 |  1.1

Action                     |  1- 3 |  4- 6 |  7- 9 | 10-12 || total
---------------------------+-------+-------+-------+-------++-------
  Melee: Long sword        |   109 |    89 |    33 |       ||   231
         Headbutt          |    11 |    11 |    46 |     9 ||    77
         Scimitar          |       |       |   209 |    28 ||   237
 Invoke: Heroism           |       |       |       |     1 ||     1
    Use: Scroll            |     6 |     2 |     7 |       ||    15
         Potion            |     4 |       |     5 |       ||     9
   Stab: Invisible         |       |       |     1 |     5 ||     6
 Armour: Scale mail        |    90 |     9 |       |       ||    99
         Skin              |     2 |    17 |       |       ||    19
         Chain mail        |       |    38 |    87 |       ||   125
         Plate armour      |       |       |   132 |    25 ||   157
  Dodge: Dodged            |    49 |    28 |    88 |    12 ||   177
  Block: Buckler           |    36 |    17 |    70 |     7 ||   130
         Form:             |       |       |     1 |       ||     1
         Flux              |       |       |     1 |       ||     1
